BLNE
CONCORD STAGECOACHES @ BANGOR RIVER HOGS
05/10/1905
 
TOP OF THE 1ST
Concord Stagecoaches batting - Pitching for Bangor River Hogs : RHP Serafín García
Pitching: RHP Serafín García
Batting: LHB Berengario González 0-0: Ball
1-0: Called Strike
1-1: Foul Ball, location: 2F
1-2: Ball
2-2: Fly out, F7 (Flyball, 78S, EV 156 KM/H)
Batting: RHB Símaco Navarro 0-0: Ball
1-0: Swinging Strike
1-1: Ball
2-1: Called Strike
2-2: Ball
3-2: Strikes out swinging
Batting: RHB Anastasio Hernández 0-0: Ball
1-0: Foul Ball, location: 9LDF
1-1: Ball
2-1: Foul Ball, location: 2RF
2-2: Foul Ball, location: 23FF
2-2: Foul Ball, location: 23FF
2-2: DOUBLE (Flyball, 78D, EV 152 KM/H)
Batting: LHB Menandro López 0-0: Ball
1-0: Called Strike
1-1: Ball
2-1: Foul Ball, location: 2F
2-2: Foul Ball, location: 23F
2-2: Ball
3-2: 2-RUN HOME RUN (Flyball, 89XD, EV 160 KM/H), Distance : 122 mt
Batting: RHB Gabino Vargas 0-0: Called Strike
0-1: Foul Ball, location: 9LSF
0-2: Foul Ball, location: 5SF
0-2: Ground out 6-3 (Groundball, 6, EV 162 KM/H)
Top of the 1st over - 2 runs, 2 hits, 0 errors, 0 left on base; Concord 2 - Bangor 0
BOTTOM OF THE 1ST
Bangor River Hogs batting - Pitching for Concord Stagecoaches : RHP Fernando Cuestas
Pitching: RHP Fernando Cuestas
Batting: LHB Gobrías Emeric 0-0: SINGLE (Flyball, 3D, EV 146 KM/H)
Batting: RHB Cornelio Estrada 0-0: Bunted foul
0-1: Bunted foul
0-2: Foul Ball, location: 5F
0-2: Fielders Choice at 2nd, 4-6 (Groundball, 4, EV 168 KM/H)
Batting: LHB Eliezer Vigil 0-0: Ball
1-0: Ball
Cornelio Estrada steals 2nd base
2-0: Called Strike
2-1: Ball
3-1: Base on Balls
Batting: RHB Hernán Morales 0-0: Ball
1-0: Foul Ball, location: 2F
1-1: Foul Ball, location: 25F
1-2: Fly out, F7 (Flyball, 7D, EV 153 KM/H)
Runner from 2nd tags up, SAFE at 3rd with throw by LF
Batting: RHB Nuño Talavera 0-0: Called Strike
0-1: Fly out, F8 (Flyball, 8RD, EV 164 KM/H)
Bottom of the 1st over - 0 runs, 1 hit, 0 errors, 2 left on base; Concord 2 - Bangor 0
TOP OF THE 2ND
Concord Stagecoaches batting - Pitching for Bangor River Hogs : RHP Serafín García
Batting: RHB Valentín González 0-0: Foul Ball, location: 7LSF
0-1: Ball
1-1: Ball
2-1: Ball
3-1: Foul Ball, location: 7LDF
3-2: SINGLE (Groundball, 4MD, EV 165 KM/H)
Batting: RHB Salvino Hernández 0-0: Called Strike
Valentín González steals 2nd base
0-1: Swinging Strike
0-2: Strikes out swinging
Batting: RHB Alberto Medina 0-0: Called Strike
Valentín González steals 3rd base
0-1: Foul Ball, location: 3F
0-2: Foul Ball, location: 2F
0-2: Ball
1-2: Ball
2-2: Foul Ball, location: 2F
2-2: Ball
3-2: Ground out 5-3 (Groundball, 56S, EV 138 KM/H)
Valentín González scores
Batting: RHB Pablo Cruz 0-0: Ball
1-0: Called Strike
1-1: Fly out, F9 (Flyball, 9, EV 126 KM/H)
Top of the 2nd over - 1 run, 1 hit, 0 errors, 0 left on base; Concord 3 - Bangor 0
BOTTOM OF THE 2ND
Bangor River Hogs batting - Pitching for Concord Stagecoaches : RHP Fernando Cuestas
Batting: RHB Ricardo Lucero 0-0: Foul Ball, location: 2F
0-1: Ball
1-1: Ball
2-1: Called Strike
2-2: Ball
3-2: Strikes out swinging
Batting: RHB Urías Brito 0-0: Ground out 4-3 (Groundball, 4D, EV 151 KM/H)
Batting: RHB Lalo Pérez 0-0: Ball
1-0: Swinging Strike
1-1: Ball
2-1: Ball
3-1: Called Strike
3-2: Foul Ball, location: 7LMF
3-2: SINGLE (Groundball, 6MD, EV 158 KM/H)
Batting: RHB Manuel Martínez 0-0: Foul Ball, location: 23F
0-1: Ball
1-1: Ball
2-1: Called Strike
2-2: Foul Ball, location: 9LDF
2-2: Strikes out swinging
Bottom of the 2nd over - 0 runs, 1 hit, 0 errors, 1 left on base; Concord 3 - Bangor 0
TOP OF THE 3RD
Concord Stagecoaches batting - Pitching for Bangor River Hogs : RHP Serafín García
Batting: LHB Berengario González 0-0: Fly out, F9 (Flyball, 89S, EV 141 KM/H)
DELAY Rain delay of 28 minutes in the 3rd inning.
Batting: RHB Símaco Navarro 0-0: Foul Ball, location: 2F
0-1: Fly out, F9 (Flyball, 9LM, EV 147 KM/H)
Batting: RHB Anastasio Hernández 0-0: Foul Ball, location: 3F
0-1: Foul Ball, location: 9LSF
0-2: Fly out, F2 (Popup, 2RF, EV 152 KM/H)
Top of the 3rd over - 0 runs, 0 hits, 0 errors, 0 left on base; Concord 3 - Bangor 0
BOTTOM OF THE 3RD
Bangor River Hogs batting - Pitching for Concord Stagecoaches : RHP Fernando Cuestas
Batting: LHB Gobrías Emeric 0-0: Ball
1-0: Ball
2-0: Called Strike
2-1: Ball
3-1: Foul Ball, location: 2F
3-2: Fly out, F8 (Flyball, 89M, EV 124 KM/H)
Batting: RHB Cornelio Estrada 0-0: Ball
1-0: Foul Ball, location: 2F
1-1: SINGLE (Line Drive, 3D, EV 158 KM/H)
Batting: LHB Eliezer Vigil 0-0: Fly out, F4 (Line Drive, 4, EV 110 KM/H)
Batting: RHB Hernán Morales 0-0: Ball
1-0: Ball
2-0: Called Strike
2-1: Foul Ball, location: 2F
2-2: Foul Ball, location: 2F
2-2: Hit by Pitch
Cornelio Estrada to second
Batting: RHB Nuño Talavera 0-0: Ball
1-0: Foul Ball, location: 2F
1-1: Ball
2-1: Ball
3-1: Base on Balls
Cornelio Estrada to third
Hernán Morales to second
Batting: RHB Ricardo Lucero 0-0: Foul Ball, location: 2F
0-1: Foul Ball, location: 5FF
0-2: Strikes out looking
Bottom of the 3rd over - 0 runs, 1 hit, 0 errors, 3 left on base; Concord 3 - Bangor 0
TOP OF THE 4TH
Concord Stagecoaches batting - Pitching for Bangor River Hogs : RHP Serafín García
Batting: LHB Menandro López 0-0: Ball
1-0: Ground out U3 (Groundball, 3, EV 122 KM/H)
Batting: RHB Gabino Vargas 0-0: Called Strike
0-1: Ball
1-1: Fly out, F7 (Line Drive, 7S, EV 154 KM/H)
Batting: RHB Valentín González 0-0: Called Strike
0-1: Ball
1-1: Ball
2-1: Ball
3-1: Fly out, F2 (Popup, 2R, EV 155 KM/H)
Top of the 4th over - 0 runs, 0 hits, 0 errors, 0 left on base; Concord 3 - Bangor 0
BOTTOM OF THE 4TH
Bangor River Hogs batting - Pitching for Concord Stagecoaches : RHP Fernando Cuestas
Batting: RHB Urías Brito 0-0: Ball
1-0: Foul Ball, location: 2F
1-1: Called Strike
1-2: Foul Ball, location: 2F
1-2: Foul Ball, location: 7LSF
1-2: Ball
2-2: SINGLE (Groundball, 4MD, EV 151 KM/H)
Batting: RHB Lalo Pérez 0-0: Swinging Strike
0-1: Ball
1-1: Swinging Strike
1-2: Strikes out swinging
Batting: RHB Manuel Martínez 0-0: Ball
Urías Brito is caught stealing 2nd base 2-4
1-0: Ball
2-0: Ball
3-0: Called Strike
3-1: Foul Ball, location: 2F
3-2: Foul Ball, location: 9LSF
3-2: Foul Ball, location: 2RF
3-2: Foul Ball, location: 2F
3-2: Strikes out swinging
Bottom of the 4th over - 0 runs, 1 hit, 0 errors, 0 left on base; Concord 3 - Bangor 0
TOP OF THE 5TH
Concord Stagecoaches batting - Pitching for Bangor River Hogs : RHP Serafín García
Batting: RHB Salvino Hernández 0-0: Ball
1-0: Foul Ball, location: 25F
1-1: Ball
2-1: Ball
3-1: Foul Ball, location: 5F
3-2: Base on Balls
Batting: RHB Alberto Medina 0-0: Called Strike
0-1: Grounds into double play, 3-6-3 (Groundball, 34S, EV 136 KM/H)
Batting: RHB Pablo Cruz 0-0: Foul Ball, location: 9LMF
0-1: Foul Ball, location: 25F
0-2: Ball
1-2: Foul Ball, location: 9LSF
1-2: SINGLE (Line Drive, 8LS, EV 154 KM/H)
Batting: LHB Berengario González 0-0: Ball
1-0: Swinging Strike
1-1: Ball
2-1: Swinging Strike
2-2: Strikes out swinging
Top of the 5th over - 0 runs, 1 hit, 0 errors, 1 left on base; Concord 3 - Bangor 0
BOTTOM OF THE 5TH
Bangor River Hogs batting - Pitching for Concord Stagecoaches : RHP Fernando Cuestas
Batting: LHB Gobrías Emeric 0-0: Ball
1-0: Foul Ball, location: 5F
1-1: Foul Ball, location: 5SF
1-2: Foul Ball, location: 2F
1-2: Foul Ball, location: 7LMF
1-2: Ball
2-2: Foul Ball, location: 5SF
2-2: Ground out 4-3 (Groundball, 34, EV 161 KM/H)
Batting: RHB Cornelio Estrada 0-0: Ball
1-0: Ball
2-0: Ball
3-0: Called Strike
3-1: Ground out 6-3 (Groundball, 6M, EV 136 KM/H)
Batting: LHB Eliezer Vigil 0-0: Ball
1-0: Ball
2-0: Ball
3-0: Called Strike
3-1: Called Strike
3-2: Fly out, F8 (Flyball, 89M, EV 138 KM/H)
Bottom of the 5th over - 0 runs, 0 hits, 0 errors, 0 left on base; Concord 3 - Bangor 0
TOP OF THE 6TH
Concord Stagecoaches batting - Pitching for Bangor River Hogs : RHP Serafín García
Batting: RHB Símaco Navarro 0-0: Called Strike
0-1: Ball
1-1: Ground out 5-3 (Groundball, 56S, EV 148 KM/H)
Batting: RHB Anastasio Hernández 0-0: Ground out 5-3 (Groundball, 56S, EV 108 KM/H)
Batting: LHB Menandro López 0-0: Ball
1-0: Ground out 6-3 (Groundball, 6, EV 171 KM/H)
Top of the 6th over - 0 runs, 0 hits, 0 errors, 0 left on base; Concord 3 - Bangor 0
BOTTOM OF THE 6TH
Bangor River Hogs batting - Pitching for Concord Stagecoaches : RHP Fernando Cuestas
Batting: RHB Hernán Morales 0-0: Ball
1-0: Called Strike
1-1: Foul Ball, location: 2F
1-2: Ball
2-2: Foul Ball, location: 9LDF
2-2: Strikes out swinging
Batting: RHB Nuño Talavera 0-0: Ground out 6-3 (Groundball, 6, EV 171 KM/H)
Batting: RHB Ricardo Lucero 0-0: Foul Ball, location: 2F
0-1: Ball
1-1: Ball
2-1: Fly out, F9 (Flyball, 89D, EV 134 KM/H)
Bottom of the 6th over - 0 runs, 0 hits, 0 errors, 0 left on base; Concord 3 - Bangor 0
TOP OF THE 7TH
Concord Stagecoaches batting - Pitching for Bangor River Hogs : RHP Serafín García
Batting: RHB Gabino Vargas 0-0: Foul Ball, location: 5F
0-1: Ground out 1-3 (Groundball, 13, EV 109 KM/H)
Batting: RHB Valentín González 0-0: Ball
1-0: Called Strike
1-1: Swinging Strike
1-2: Foul Ball, location: 2F
1-2: Foul Ball, location: 5F
1-2: Strikes out looking
Batting: RHB Salvino Hernández 0-0: Called Strike
0-1: Ball
1-1: Foul Ball, location: 9LMF
1-2: Ball
2-2: Foul Ball, location: 2F
2-2: SINGLE (Groundball, 4D, EV 159 KM/H)
Batting: RHB Alberto Medina 0-0: Ball
1-0: Called Strike
Salvino Hernández is caught stealing 2nd base 2-4
Top of the 7th over - 0 runs, 1 hit, 0 errors, 0 left on base; Concord 3 - Bangor 0
BOTTOM OF THE 7TH
Bangor River Hogs batting - Pitching for Concord Stagecoaches : RHP Fernando Cuestas
Batting: RHB Urías Brito 0-0: Swinging Strike
0-1: Ball
1-1: Ball
2-1: Swinging Strike
2-2: Foul Ball, location: 9LMF
2-2: Strikes out swinging
Batting: RHB Lalo Pérez 0-0: Ball
1-0: Foul Ball, location: 2F
1-1: Fly out, F9 (Flyball, 9, EV 136 KM/H)
Batting: RHB Manuel Martínez 0-0: Called Strike
0-1: Ball
1-1: Ball
2-1: Ball
3-1: Foul Ball, location: 9LDF
3-2: Fly out, F2 (Popup, 5SF, EV 114 KM/H)
Bottom of the 7th over - 0 runs, 0 hits, 0 errors, 0 left on base; Concord 3 - Bangor 0
TOP OF THE 8TH
Concord Stagecoaches batting - Pitching for Bangor River Hogs : RHP Serafín García
Batting: RHB Alberto Medina 0-0: Ball
1-0: Called Strike
1-1: Foul Ball, location: 3F
1-2: Ball
2-2: Fly out, F6 (Popup, 4M, EV 121 KM/H)
Batting: RHB Pablo Cruz 0-0: SINGLE (Line Drive, 9S, EV 172 KM/H)
Batting: LHB Berengario González 0-0: Ball
1-0: Ball
2-0: Ball
3-0: Base on Balls
Pablo Cruz to second
Batting: RHB Símaco Navarro 0-0: Swinging Strike
0-1: Ball
1-1: Ball
2-1: Foul Ball, location: 23FF
2-2: Foul Ball, location: 9LMF
2-2: Foul Ball, location: 9LDF
2-2: Strikes out looking
Batting: RHB Anastasio Hernández 0-0: Ground out 4-3 (Groundball, 4, EV 142 KM/H)
Top of the 8th over - 0 runs, 1 hit, 0 errors, 2 left on base; Concord 3 - Bangor 0
BOTTOM OF THE 8TH
Bangor River Hogs batting - Pitching for Concord Stagecoaches : RHP Fernando Cuestas
Batting: LHB Gobrías Emeric 0-0: Ball
1-0: Ball
2-0: Called Strike
2-1: SINGLE (Flyball, 8LM, EV 145 KM/H)
Batting: RHB Cornelio Estrada 0-0: Called Strike
0-1: Called Strike
0-2: Hit by Pitch
Gobrías Emeric to second
Pitching: RHP Apolodoro Preciado
Batting: LHB Eliezer Vigil 0-0: Called Strike
0-1: Ball
1-1: Ball
2-1: Ball
3-1: Foul Ball, location: 3F
3-2: SINGLE (Groundball, 34D, EV 174 KM/H)
Gobrías Emeric to third
Cornelio Estrada to second
Pinch Hitting: LHB Diego Saucedo 0-0: Ball
1-0: Ball
2-0: Called Strike
2-1: Ball
3-1: SINGLE (Line Drive, 89S, EV 172 KM/H)
Gobrías Emeric scores
Cornelio Estrada to third
Eliezer Vigil to second
Batting: RHB Nuño Talavera 0-0: Ball
1-0: Fly out, F6 (Popup, 6MD, EV 90 KM/H)
Pinch Hitting: RHB Pablo López 0-0: SINGLE (Groundball, 34D, EV 150 KM/H)
Cornelio Estrada scores
Eliezer Vigil to third
Diego Saucedo to second
Pinch Hitting: RHB Menendo Rangel 0-0: SINGLE (Groundball, 4MD, EV 176 KM/H)
Eliezer Vigil scores
Diego Saucedo to third
Pablo López to second
Pinch Hitting: RHB Apolodoro Ávila 0-0: SINGLE (Groundball, 34D, EV 173 KM/H)
Diego Saucedo scores
Pablo López to third
Menendo Rangel to second
Pinch Hitting: RHB Romualdo Román 0-0: Foul Ball, location: 2F
0-1: Hit by Pitch
Pablo López scores
Menendo Rangel to third
Apolodoro Ávila to second
Batting: LHB Gobrías Emeric 0-0: Grounds into fielders choice U2 (Groundball, 2R, EV 102 KM/H)
Apolodoro Ávila to third
Romualdo Román to second
Batting: RHB Cornelio Estrada 0-0: Called Strike
0-1: Ball
1-1: SINGLE (Line Drive, 6D, EV 165 KM/H)
Apolodoro Ávila scores
Romualdo Román to third
Gobrías Emeric to second
Batting: LHB Eliezer Vigil 0-0: Swinging Strike
0-1: Foul Ball, location: 7LMF
0-2: Ball
1-2: Ground out 6-3 (Groundball, P, EV 129 KM/H)
Bottom of the 8th over - 6 runs, 7 hits, 0 errors, 3 left on base; Concord 3 - Bangor 6
TOP OF THE 9TH
Concord Stagecoaches batting - Pitching for Bangor River Hogs : RHP Serafín García
Now at C: Neptuín Sanjurjo
Now at 1B: Romualdo Román
Now at 2B: Apolodoro Ávila
Now at 3B: Menendo Rangel
Now in CF: Gobrías Emeric
Now in RF: Diego Saucedo
Batting: LHB Menandro López 0-0: Ball
1-0: Ball
2-0: Foul Ball, location: 25FF
2-1: Ball
3-1: Called Strike
3-2: SINGLE (Line Drive, 6D, EV 150 KM/H)
Pinch Hitting: LHB Zenón Meléndez 0-0: Swinging Strike
0-1: Fly out, F7 (Line Drive, 7, EV 150 KM/H)
Pinch Hitting: SHB Amelio Carlos 0-0: Ball
1-0: Ball
2-0: Ball
3-0: Called Strike
3-1: Fly out, F6 (Popup, 6, EV 123 KM/H)
Pinch Hitting: SHB Martín Toro 0-0: Called Strike
0-1: Ball
1-1: 2-RUN HOME RUN (Flyball, 9LD, EV 148 KM/H), Distance : 100 mt
Pinch Hitting: RHB Manuel Pequeño 0-0: Ball
1-0: Ball
2-0: Swinging Strike
2-1: Reached on error, E6 (Groundball, 56, EV 146 KM/H)
Pinch Hitting: RHB Hernán Reyes 0-0: Ball
1-0: Foul Ball, location: 9LSF
1-1: Foul Ball, location: 2F
1-2: Fly out, F7 (Line Drive, 7, EV 152 KM/H)
Top of the 9th over - 2 runs, 2 hits, 1 error, 1 left on base; Concord 5 - Bangor 6
Tuesday, November 26th , 2024 - OOTP Baseball 25.11 Build 98